 Dungeon Crawl Stone Soup version 0.29-a0-11-ga75d3d97ab (webtiles) character file.

Game seed: 15594378074996043800

43 issech the Cudgeller (level 3, -1/36 HPs)
             Began as a Troll Monk on Jan 28, 2022.
             Slain by a gnoll (7 damage)
             ... on level 2 of the Dungeon.
             The game lasted 00:03:02 (854 turns).

issech the Cudgeller (Troll Monk)                    Turns: 854, Time: 00:03:02

Health: -1/36      AC:  4    Str: 19    XL:     3   Next: 37%
Magic:  2/2        EV: 10    Int:  6    God:
Gold:   73         SH:  0    Dex: 14    Spells: 2/2 levels left

rFire   . . .      SeeInvis .   h - +2 glaive (venom)
rCold   . . .      Faith    .   (shield currently unavailable)
rNeg    . . .      Spirit   .   b - +0 robe
rPois   .          Reflect  .   (helmet restricted)
rElec   .          Harm     .   (no cloak)
rCorr   .          Rampage  .   (gloves unavailable)
Will    .....                   (boots unavailable)
Stlth   ++........              (no amulet)
HPRegen 0.92/turn               (no ring)
MPRegen 0.08/turn               (no ring)

@: no status effects
A: large, unfitting armour, claws 3, regeneration 1, shaggy fur 1, tough skin 1
a: no special abilities


You were on level 2 of the Dungeon.
You visited 1 branch of the dungeon, and saw 2 of its levels.

You collected 73 gold pieces.

Inventory:

Hand Weapons
 a - a +0 mace
 f - a +2 short sword of speed
 h - a +2 glaive of venom (weapon)
Armour
 b - a +0 robe (worn)
Magical Staves
 j - a staff of cold
Scrolls
 c - 2 scrolls of blinking {unknown}
 d - a scroll of identify {unknown}
 i - 2 scrolls of fog {unknown}
 k - a scroll of fear {unknown}
 l - a scroll of summoning {unknown}
Potions
 e - a potion of berserk rage {unknown}
 g - 2 potions of curing {unknown}


   Skills:
 + Level 2.9 Fighting
 + Level 3.1 Maces & Flails
 + Level 1.0 Polearms
 + Level 2.6 Dodging
 + Level 1.0 Stealth


You had 2 spell levels left.
You didn't know any spells.
Your spell library contained the following spells:

 Spells                   Type           Power      Damage    Failure   Level
 Corpse Rot               Necr/Air       0%         N/A       58%         2
 Poisonous Vapours        Pois/Air       0%         N/A       58%         2


Dungeon Overview and Level Annotations

Branches:
Dungeon (2/15)

Altars:

Shops:
D:2 *


Innate Abilities, Weirdness & Mutations

You are too large for most types of armour.
You have claws for hands.
Your natural rate of healing is unusually fast.
You are covered in fur. (AC +1)
You have tough skin. (AC +1)


Message History

The adder is lightly wounded.
The adder bites you but does no damage. The adder bites you.
You closely miss the adder.
The adder is lightly wounded.
The adder bites you but does no damage. The adder misses you.
You slash the adder!
The adder is poisoned.
The adder is severely wounded.
The adder closely misses you. The adder bites you but does no damage.
You closely miss the adder.
The adder is severely wounded.
You kill the adder!
Your Polearms skill increases to level 1!
You see here an adder corpse.
l - a scroll labelled YLAYFIRPHI GEHE A giant cockroach comes into view.
The giant cockroach barely misses you. x2
You slash the giant cockroach!
You kill the giant cockroach!
You see here a giant cockroach corpse.
You see here a giant cockroach corpse.
A gnoll comes into view. It is wielding a +0 halberd.
Found 7 gold pieces.
A gnoll comes into view. It is wielding a +0 spear.
The gnoll shouts!
A gnoll comes into view. It is wielding a +0 whip.
The gnoll shouts!
The gnoll hits you from afar with a +0 spear!
The gnoll barely misses you. The gnoll hits you with a +0 spear.
The gnoll hits you from afar with a +0 halberd.
You closely miss the gnoll. The gnoll barely misses you.
The gnoll hits you from afar with a +0 halberd!
* * * LOW HITPOINT WARNING * * *
An adder comes into view.
The gnoll hits you from afar with a +0 spear.
* * * LOW HITPOINT WARNING * * *
The gnoll barely misses you.
The adder hisses angrily.
The gnoll hits you with a +0 halberd!
You die...

...#.......... #.#
...#..#######. #.# ####..#
# #.# #..# .##....
#..#######.##.#.##
#........... ...
####....#####.# #.#
........#####.####g#
...........S....@..# #
..#.....####..#.#g.# #.#
.........†......#..##...##
................#......$..
##.###..#.......##.###.##.
#. #....##.##.##.# .
....>....##.##.# .
###.##.#####.##.# ... ...
#.# #.##.###.....


You could see 2 gnolls and an adder.

Vanquished Creatures
  An adder (D:2)
  A dart slug (D:2)
  2 ball pythons
  An endoplasm (D:2)
  2 giant cockroaches (D:2)
  3 goblins (D:1)
  5 hobgoblins
  3 kobolds (D:1)
  3 quokkas
  2 bats (D:1)
  2 frilled lizards (D:1)
  5 rats
30 creatures vanquished.

Notes
Turn   | Place    | Note
-------+----------+-------------------------------------------
     0 | D:1      | issech the Troll Monk began the quest for the Orb.
     0 | D:1      | Reached XP level 1. HP: 22/22 MP: 0/0
   104 | D:1      | Reached XP level 2. HP: 25/29 MP: 1/1
   201 | D:1      | Reached skill level 3 in Maces & Flails
   672 | D:2      | Found Tolawn's Assorted Antiques.
   746 | D:2      | Reached XP level 3. HP: 36/36 MP: 2/2
   822 | D:2      | Reached skill level 1 in Polearms
   854 | D:2      | Slain by a gnoll

Illustrated notes

Levels and vault maps discovered:
D:1:      scummos_arrival_simple_crosswalls, layout_basic
D:2:      layout_loops_ring, serial_shops, shop

Skill      XL: |  1  2  3 |
---------------+----------+-----
Maces & Flails | 3 |  3.1
Polearms       | 1 |  1.0
Fighting       | |  2.9
Dodging        | |  2.6
Stealth        | |  1.0

Action                   || total
-------------------------++-------
Melee: Mace              ||    16
       Glaive            ||    55
 Stab: Sleeping          ||     1
Armor: Robe              ||    29
Dodge: Dodged            ||    60

Table legend: (Time is in decaauts)
 A = Elapsed time spent in this place.
 B = Non-inter-level travel time spent in this place.
 C = Inter-level travel time spent in this place.
 D = Time resting spent in this place.
 E = Time spent auto-exploring this place.
 F = Levels seen in this place.
 G = Mean time per level.
                   A        B        C        D        E       F      G
               +--------+--------+--------+--------+--------+-----+--------+
         Total |    895 |    895 |      0 |      0 |    472 |   2 |  447.5 |
       Dungeon |    895 |    895 |      0 |      0 |    472 |   2 |  447.5 |
               +--------+--------+--------+--------+--------+-----+--------+

Top non-repeatable levels by time:
     D:1: 644 daAuts
     D:2: 251 daAuts
